| TOP OF THE 1ST |
|
West Michigan Whitecaps batting - Pitching for Kannapolis Intimidators : RHP Gabe Wagner
|
|
Pitching: RHP Gabe Wagner
|
|
|
Batting: RHB Jon Goldstein
|
0-0: SINGLE (Groundball, 4MD, EV 103.8 MPH)
|
|
Batting: SHB Willie Medina
|
0-0: Called Strike 0-1: Ball 1-1: Called Strike 1-2: Fielders Choice at 2nd, 5-4 (Groundball, 5, EV 87.5 MPH)
|
|
Batting: LHB Dave Carlisle
|
0-0: Ball 1-0: Swinging Strike 1-1: Ball 2-1: Foul Ball, location: 2F 2-2: 2-RUN HOME RUN (Flyball, 89XD, EV 105.0 MPH), Distance : 433 ft
|
|
Batting: LHB Jamie Christian
|
0-0: Called Strike 0-1: Swinging Strike 0-2: SINGLE (Groundball, 6D, EV 95.6 MPH)
|
|
Batting: LHB Brad Gaskill
|
0-0: Ball 1-0: Ball 2-0: Ball 3-0: Base on Balls Jamie Christian to second
|
|
Batting: RHB German Quiroga
|
0-0: Called Strike 0-1: Foul Ball, location: 2F 0-2: Ball 1-2: Strikes out swinging
|
|
Batting: RHB Scott Carr
|
0-0: Ball 1-0: Ball 2-0: Called Strike 2-1: Foul Ball, location: 2F 2-2: Ground out 4-3 (Groundball, 34, EV 102.5 MPH)
|
| Top of the 1st over - 2 runs, 3 hits, 0 errors, 2 left on base; West Michigan 2 - Kannapolis 0 |
| BOTTOM OF THE 1ST |
|
Kannapolis Intimidators batting - Pitching for West Michigan Whitecaps : RHP Dan Keener
|
|
Pitching: RHP Dan Keener
|
|
|
Batting: SHB Jay Gagnon
|
0-0: Called Strike 0-1: Ball 1-1: Swinging Strike 1-2: Ball 2-2: Foul Ball, location: 2F 2-2: Ball 3-2: Strikes out looking
|
|
Batting: LHB Dalton Silveira
|
0-0: Called Strike 0-1: Ball 1-1: SINGLE (Line Drive, 6MD, EV 94.4 MPH)
|
|
Batting: SHB Ruben Velasco Jr.
|
0-0: Called Strike Dalton Silveira steals 2nd base 0-1: Called Strike Dalton Silveira steals 3rd base (no throw) 0-2: Ball 1-2: Strikes out swinging, 2-3 out at first.
|
|
Batting: LHB Ryan Dyal
|
0-0: Called Strike 0-1: Ball 1-1: Ball 2-1: Foul Ball, location: 2F 2-2: Ball 3-2: Fly out, F8 (Flyball, 8RXD, EV 106.2 MPH)
|
| Bottom of the 1st over - 0 runs, 1 hit, 0 errors, 1 left on base; West Michigan 2 - Kannapolis 0 |
| TOP OF THE 2ND |
|
West Michigan Whitecaps batting - Pitching for Kannapolis Intimidators : RHP Gabe Wagner
|
|
Batting: RHB Joe Zimmerman
|
0-0: Ball 1-0: Swinging Strike 1-1: Swinging Strike 1-2: Strikes out swinging
|
|
Batting: LHB Steve Herrera
|
0-0: Called Strike 0-1: Called Strike 0-2: Ball 1-2: Ball 2-2: Ball 3-2: Foul Ball, location: 2F 3-2: Base on Balls
|
|
Batting: RHB Jon Goldstein
|
0-0: Foul Ball, location: 2F 0-1: Ball 1-1: Foul Ball, location: 2F 1-2: Foul Ball, location: 2F 1-2: Strikes out looking
|
|
Batting: SHB Willie Medina
|
0-0: Fielders Choice at 2nd, 5-4 (Groundball, 56, EV 90.0 MPH)
|
| Top of the 2nd over - 0 runs, 0 hits, 0 errors, 1 left on base; West Michigan 2 - Kannapolis 0 |
| BOTTOM OF THE 2ND |
|
Kannapolis Intimidators batting - Pitching for West Michigan Whitecaps : RHP Dan Keener
|
|
Batting: LHB Matt Hyde
|
0-0: Fly out, F3 (Popup, 3SF, EV 76.9 MPH)
|
|
Batting: LHB Edgar Castillo
|
0-0: Foul Ball, location: 2F 0-1: Ball 1-1: Fly out, F9 (Flyball, 89M, EV 80.0 MPH)
|
|
Batting: RHB Mike Manchester
|
0-0: Ball 1-0: Called Strike 1-1: SINGLE (Flyball, 6MD, EV 91.9 MPH)
|
|
Batting: RHB Jose Marquez
|
0-0: Called Strike Mike Manchester steals 2nd base 0-1: Swinging Strike 0-2: Ball 1-2: Foul Ball, location: 2F 1-2: Foul Ball, location: 2F 1-2: Ball 2-2: Fly out, F2 (Popup, 3SF, EV 81.2 MPH)
|
| Bottom of the 2nd over - 0 runs, 1 hit, 0 errors, 1 left on base; West Michigan 2 - Kannapolis 0 |
| TOP OF THE 3RD |
|
West Michigan Whitecaps batting - Pitching for Kannapolis Intimidators : RHP Gabe Wagner
|
|
Batting: LHB Dave Carlisle
|
0-0: Ball 1-0: Ground out 6-3 (Groundball, 6M, EV 101.2 MPH)
|
|
Batting: LHB Jamie Christian
|
0-0: Called Strike 0-1: Called Strike 0-2: Strikes out swinging
|
|
Batting: LHB Brad Gaskill
|
0-0: Foul Ball, location: 2F 0-1: Ball 1-1: Called Strike 1-2: Strikes out swinging
|
| Top of the 3rd over - 0 runs, 0 hits, 0 errors, 0 left on base; West Michigan 2 - Kannapolis 0 |
| BOTTOM OF THE 3RD |
|
Kannapolis Intimidators batting - Pitching for West Michigan Whitecaps : RHP Dan Keener
|
|
Batting: RHB Dunlang Clark
|
0-0: Ball 1-0: Ground out 3-1 (Groundball, 34, EV 101.2 MPH)
|
|
Batting: SHB Jay Gagnon
|
0-0: Called Strike 0-1: Swinging Strike 0-2: Ball 1-2: Strikes out swinging
|
|
Batting: LHB Dalton Silveira
|
0-0: Foul Ball, location: 2F 0-1: Foul Ball, location: 2F 0-2: Ball 1-2: Ball 2-2: SINGLE (Groundball, 13S, EV 65.6 MPH) (infield hit)
|
|
Batting: SHB Ruben Velasco Jr.
|
0-0: Ball Dalton Silveira steals 2nd base 1-0: Foul Ball, location: 2F 1-1: Foul Ball, location: 2F 1-2: Ball 2-2: DOUBLE (Line Drive, 9LS, EV 100.6 MPH) Dalton Silveira scores
|
|
Batting: LHB Ryan Dyal
|
0-0: Ball 1-0: Ball 2-0: Ball 3-0: Called Strike 3-1: Base on Balls
|
|
Batting: LHB Matt Hyde
|
0-0: Foul Ball, location: 2F 0-1: DOUBLE (Line Drive, 89M, EV 86.9 MPH) Ruben Velasco Jr. scores Ryan Dyal to third Runner from 3rd tries for Home, SAFE, throw by RF to trailing runner, SAFE at third!
|
|
Batting: LHB Edgar Castillo
|
0-0: Ball 1-0: Ball 2-0: Foul Ball, location: 2F 2-1: Fly out, F8 (Flyball, 89S, EV 76.2 MPH)
|
| Bottom of the 3rd over - 3 runs, 3 hits, 0 errors, 1 left on base; West Michigan 2 - Kannapolis 3 |
| TOP OF THE 4TH |
|
West Michigan Whitecaps batting - Pitching for Kannapolis Intimidators : RHP Gabe Wagner
|
|
Batting: RHB German Quiroga
|
0-0: Ball 1-0: Foul Ball, location: 2F 1-1: Fly out, F9 (Flyball, 9, EV 74.4 MPH)
|
|
Batting: RHB Scott Carr
|
0-0: Ball 1-0: Foul Ball, location: 2F 1-1: Swinging Strike 1-2: Strikes out swinging
|
|
Batting: RHB Joe Zimmerman
|
0-0: Ball 1-0: Called Strike 1-1: Called Strike 1-2: Strikes out swinging
|
| Top of the 4th over - 0 runs, 0 hits, 0 errors, 0 left on base; West Michigan 2 - Kannapolis 3 |
| BOTTOM OF THE 4TH |
|
Kannapolis Intimidators batting - Pitching for West Michigan Whitecaps : RHP Dan Keener
|
|
Batting: RHB Mike Manchester
|
0-0: Swinging Strike 0-1: Ball 1-1: Called Strike 1-2: Strikes out swinging
|
|
Batting: RHB Jose Marquez
|
0-0: Called Strike 0-1: Ball 1-1: Called Strike 1-2: Ground out 5-3 (Groundball, 5S, EV 75.6 MPH)
|
|
Batting: RHB Dunlang Clark
|
0-0: Ball 1-0: Called Strike 1-1: Ball 2-1: Foul Ball, location: 2F 2-2: SINGLE (Groundball, 6MD, EV 102.5 MPH)
|
|
Batting: SHB Jay Gagnon
|
0-0: Ball Dunlang Clark is caught stealing 2nd base 2-6
|
| Bottom of the 4th over - 0 runs, 1 hit, 0 errors, 0 left on base; West Michigan 2 - Kannapolis 3 |
| TOP OF THE 5TH |
|
West Michigan Whitecaps batting - Pitching for Kannapolis Intimidators : RHP Gabe Wagner
|
|
Batting: LHB Steve Herrera
|
0-0: Called Strike 0-1: Foul Ball, location: 2F 0-2: Strikes out swinging
|
|
Batting: RHB Jon Goldstein
|
0-0: Foul Ball, location: 2F 0-1: Called Strike 0-2: Foul Ball, location: 2F 0-2: Ball 1-2: SINGLE (Groundball, 4, EV 96.2 MPH)
|
|
Batting: SHB Willie Medina
|
0-0: Called Strike 0-1: Swinging Strike 0-2: Strikes out swinging
|
|
Batting: LHB Dave Carlisle
|
0-0: Ball 1-0: Ball 2-0: Foul Ball, location: 2F 2-1: Called Strike 2-2: Fly out, F9 (Flyball, 89M, EV 84.4 MPH)
|
| Top of the 5th over - 0 runs, 1 hit, 0 errors, 1 left on base; West Michigan 2 - Kannapolis 3 |
| BOTTOM OF THE 5TH |
|
Kannapolis Intimidators batting - Pitching for West Michigan Whitecaps : RHP Dan Keener
|
|
Batting: SHB Jay Gagnon
|
0-0: Ball 1-0: Called Strike 1-1: Swinging Strike 1-2: Strikes out swinging
|
|
Batting: LHB Dalton Silveira
|
0-0: SINGLE (Groundball, 6D, EV 110.6 MPH)
|
|
Batting: SHB Ruben Velasco Jr.
|
0-0: Called Strike Dalton Silveira steals 2nd base 0-1: SINGLE (Groundball, 4MS, EV 68.8 MPH) (infield hit) Dalton Silveira to third
|
|
Batting: LHB Ryan Dyal
|
0-0: Called Strike 0-1: Ball 1-1: Ball 2-1: Swinging Strike 2-2: Ball 3-2: Foul Ball, location: 2F 3-2: Foul Ball, location: 2F 3-2: Foul Ball, location: 2F 3-2: Reached on error, E9 (Flyball, 9LS, EV 90.0 MPH) Dalton Silveira scores Ruben Velasco Jr. to second
|
|
Batting: LHB Matt Hyde
|
0-0: Fly out, F8 (Flyball, 8LD, EV 103.1 MPH)
|
|
Batting: LHB Edgar Castillo
|
0-0: Called Strike 0-1: Foul Ball, location: 2F 0-2: Fly out, F4 (Line Drive, 4M, EV 73.1 MPH)
|
| Bottom of the 5th over - 1 run, 2 hits, 1 error, 2 left on base; West Michigan 2 - Kannapolis 4 |
| TOP OF THE 6TH |
|
West Michigan Whitecaps batting - Pitching for Kannapolis Intimidators : RHP Gabe Wagner
|
|
Batting: LHB Jamie Christian
|
0-0: Called Strike 0-1: Ball 1-1: Ball 2-1: Foul Ball, location: 2F 2-2: Foul Ball, location: 2F 2-2: Ground out 4-3 (Groundball, 4M, EV 98.1 MPH)
|
|
Batting: LHB Brad Gaskill
|
0-0: Ball 1-0: Fly out, F4 (Line Drive, 4M, EV 64.4 MPH)
|
|
Batting: RHB German Quiroga
|
0-0: Foul Ball, location: 2F 0-1: Ball 1-1: Foul Ball, location: 2F 1-2: Foul Ball, location: 2F 1-2: SINGLE (Groundball, 34D, EV 97.5 MPH)
|
|
Batting: RHB Scott Carr
|
0-0: Ball 1-0: Ball 2-0: Called Strike 2-1: Foul Ball, location: 2F 2-2: Fly out, F8 (Flyball, 89D, EV 93.8 MPH)
|
| Top of the 6th over - 0 runs, 1 hit, 0 errors, 1 left on base; West Michigan 2 - Kannapolis 4 |
| BOTTOM OF THE 6TH |
|
Kannapolis Intimidators batting - Pitching for West Michigan Whitecaps : RHP Dan Keener
|
|
Batting: RHB Mike Manchester
|
0-0: Ball 1-0: Called Strike 1-1: Ball 2-1: Swinging Strike 2-2: Ball 3-2: Strikes out swinging
|
|
Pitching: RHP Dale Gilbert
|
|
|
Batting: RHB Jose Marquez
|
0-0: Foul Ball, location: 2F 0-1: Ball 1-1: Foul Ball, location: 2F 1-2: Foul Ball, location: 2F 1-2: Ball 2-2: Ground out 6-3 (Groundball, 6, EV 83.8 MPH)
|
|
Batting: RHB Dunlang Clark
|
0-0: Foul Ball, location: 2F 0-1: Called Strike 0-2: Ball 1-2: Ball 2-2: Strikes out swinging
|
| Bottom of the 6th over - 0 runs, 0 hits, 0 errors, 0 left on base; West Michigan 2 - Kannapolis 4 |
| TOP OF THE 7TH |
|
West Michigan Whitecaps batting - Pitching for Kannapolis Intimidators : RHP Gabe Wagner
|
|
Pitching: LHP Matt Granados
|
|
|
Batting: RHB Joe Zimmerman
|
0-0: Ball 1-0: Ball 2-0: Fly out, F9 (Flyball, 89M, EV 76.9 MPH)
|
|
Batting: LHB Steve Herrera
|
0-0: Ball 1-0: Ball 2-0: Foul Ball, location: 2F 2-1: Called Strike 2-2: Ball 3-2: Strikes out swinging
|
|
Batting: RHB Jon Goldstein
|
0-0: Ball 1-0: Ball 2-0: Called Strike 2-1: Ball 3-1: Called Strike 3-2: Foul Ball, location: 2F 3-2: Strikes out swinging
|
| Top of the 7th over - 0 runs, 0 hits, 0 errors, 0 left on base; West Michigan 2 - Kannapolis 4 |
| BOTTOM OF THE 7TH |
|
Kannapolis Intimidators batting - Pitching for West Michigan Whitecaps : RHP Dale Gilbert
|
|
Batting: SHB Jay Gagnon
|
0-0: Ball 1-0: Ground out U3 (Groundball, 34, EV 99.4 MPH)
|
|
Batting: LHB Dalton Silveira
|
0-0: Ball 1-0: Called Strike 1-1: Ball 2-1: Swinging Strike 2-2: Foul Ball, location: 2F 2-2: Ball 3-2: DOUBLE (Line Drive, 89M, EV 96.2 MPH)
|
|
Batting: SHB Ruben Velasco Jr.
|
0-0: Ball Dalton Silveira steals 3rd base 1-0: Swinging Strike 1-1: Called Strike 1-2: Strikes out swinging
|
|
Batting: LHB Ryan Dyal
|
0-0: Called Strike 0-1: Ball 1-1: Ball 2-1: Swinging Strike 2-2: Ball 3-2: 2-RUN HOME RUN (Flyball, 9D, EV 95.6 MPH), Distance : 340 ft
|
|
Batting: LHB Matt Hyde
|
0-0: Ball 1-0: Ball 2-0: Fly out, F8 (Flyball, 89M, EV 94.4 MPH)
|
| Bottom of the 7th over - 2 runs, 2 hits, 0 errors, 0 left on base; West Michigan 2 - Kannapolis 6 |
| TOP OF THE 8TH |
|
West Michigan Whitecaps batting - Pitching for Kannapolis Intimidators : LHP Matt Granados
|
|
Batting: SHB Willie Medina
|
0-0: Ball 1-0: Ground out 4-3 (Groundball, 4M, EV 85.0 MPH)
|
|
Batting: LHB Dave Carlisle
|
0-0: Ball 1-0: Called Strike 1-1: Foul Ball, location: 2F 1-2: Foul Ball, location: 2F 1-2: Strikes out swinging
|
|
Batting: LHB Jamie Christian
|
0-0: Foul Ball, location: 2F 0-1: Ball 1-1: Foul Ball, location: 2F 1-2: Strikes out swinging
|
| Top of the 8th over - 0 runs, 0 hits, 0 errors, 0 left on base; West Michigan 2 - Kannapolis 6 |
| BOTTOM OF THE 8TH |
|
Kannapolis Intimidators batting - Pitching for West Michigan Whitecaps : RHP Dale Gilbert
|
|
Pitching: LHP Chris Thomas
|
|
|
Batting: LHB Edgar Castillo
|
0-0: Ball 1-0: Called Strike 1-1: Ball 2-1: Ball 3-1: Base on Balls
|
|
Batting: RHB Mike Manchester
|
0-0: Called Strike 0-1: Fly out, F9 (Flyball, 9S, EV 92.5 MPH)
|
|
Batting: RHB Jose Marquez
|
0-0: Ball 1-0: Foul Ball, location: 2F 1-1: Called Strike 1-2: SINGLE (Groundball, 34S, EV 84.4 MPH) (infield hit) Edgar Castillo to second
|
|
Batting: RHB Dunlang Clark
|
0-0: Ball 1-0: Foul Ball, location: 2F 1-1: Ball 2-1: SINGLE (Line Drive, 4D, EV 105.6 MPH) Edgar Castillo to third Jose Marquez to second Runner from 3rd tries for Home, SAFE, throw by CF to home
|
|
Batting: SHB Jay Gagnon
|
0-0: Ball 1-0: Swinging Strike 1-1: Called Strike 1-2: Ball 2-2: Ball 3-2: Strikes out swinging
|
|
Batting: LHB Dalton Silveira
|
0-0: Ball 1-0: Ball 2-0: Ball 3-0: Base on Balls Jose Marquez to third Dunlang Clark to second
|
|
Pitching: RHP Jorge Castaneda
|
|
|
Batting: SHB Ruben Velasco Jr.
|
0-0: Foul Ball, location: 2F 0-1: Ball 1-1: Foul Ball, location: 2F 1-2: Ball 2-2: Fielders Choice at 2nd, 6-4 (Groundball, 6, EV 101.2 MPH)
|
| Bottom of the 8th over - 1 run, 2 hits, 0 errors, 3 left on base; West Michigan 2 - Kannapolis 7 |
| TOP OF THE 9TH |
|
West Michigan Whitecaps batting - Pitching for Kannapolis Intimidators : LHP Matt Granados
|
|
Batting: LHB Brad Gaskill
|
0-0: Called Strike 0-1: Foul Ball, location: 2F 0-2: Strikes out swinging
|
|
Batting: RHB German Quiroga
|
0-0: Called Strike 0-1: Foul Ball, location: 2F 0-2: Ball 1-2: Strikes out looking
|
|
Batting: RHB Scott Carr
|
0-0: Called Strike 0-1: SOLO HOME RUN (Flyball, 7D, EV 95.6 MPH), Distance : 351 ft
|
|
Batting: RHB Joe Zimmerman
|
0-0: Called Strike 0-1: Ball 1-1: Called Strike 1-2: Strikes out swinging
|
| Top of the 9th over - 1 run, 1 hit, 0 errors, 0 left on base; West Michigan 3 - Kannapolis 7 |
|